 Dungeon Crawl Stone Soup version 0.31-a0-844-gdc52ec4e09 (webtiles) character file.

Game seed: 16857895750520249331

368 randomguy2701 the Fighter (level 6, -3/61 HPs)
             Began as a Gnoll Wanderer on Sept 29, 2023.
             Was an Initiate of Ashenzari.
             Slain by an ice beast (13 damage)
             ... on level 5 of the Dungeon.
             The game lasted 00:03:18 (3475 turns).

randomguy2701 the Fighter (Gnoll Wanderer)          Turns: 3475, Time: 00:03:18

Health: -3/61      AC:  4    Str: 15    XL:     6   Next: 69%
Magic:  18/18      EV: 11    Int:  9    God:    Ashenzari [......]
Gold:   137        SH:  0    Dex: 12    Spells: 9/9 levels left

rFire   . . .        a - +1 trident
rCold   . . .        b - +0 buckler
rNeg    . . .        d - +0 leather armour
rPois   .            m - +0 helmet
rElec   .            (no cloak)
rCorr   .            (no gloves)
SInv    .            (no boots)
Will    .....        (no amulet)
Stlth   +            p - ring of magical power
HPRegen 0.30/turn    (no ring)
MPRegen 0.16/turn

%: no passive effects
@: confused
A: fangs 1, strong nose, distributed training
a: Renounce Religion


You were on level 5 of the Dungeon.
You worshipped Ashenzari.
Ashenzari was noncommittal.
You visited 2 branches of the dungeon, and saw 6 of its levels.

You collected 137 gold pieces.

Inventory:

Hand Weapons
 a - a +1 trident (weapon)
Armour
 b - a +0 buckler (worn)
 d - a +0 leather armour (worn)
 m - a +0 helmet (worn)
Jewellery
 p - a ring of magical power (left hand)
Wands
 s - a wand of digging (4)
Scrolls
 c - a scroll of silence
 e - a scroll of vulnerability {unknown}
 f - a scroll of blinking {unknown}
 g - a scroll of identify {unknown}
 h - 4 scrolls of immolation {unknown}
 k - 3 scrolls of fog {unknown}
 l - a scroll of teleportation {unknown}
Potions
 i - a potion of resistance {unknown}
 j - 3 potions of curing {unknown}
 n - a potion of ambrosia {unknown}
 o - 3 potions of enlightenment {unknown}
 q - a potion of haste {unknown}
 r - 2 potions of attraction {unknown}
 t - 2 potions of brilliance {unknown}


   Skills:
 + Level 10.6 Fighting
 + Level 2.1 Short Blades
 + Level 2.1 Long Blades
 + Level 2.1 Axes
 + Level 2.1 Maces & Flails
 + Level 5.0 Polearms
 + Level 2.1 Staves
 + Level 2.1 Ranged Weapons
 + Level 2.1 Throwing
 + Level 3.3 Armour
 + Level 2.1 Dodging
 + Level 3.2 Stealth
 + Level 3.3 Shields
 + Level 2.1 Unarmed Combat
 + Level 2.1 Spellcasting
 + Level 1.6 Conjurations
 + Level 1.6 Hexes
 + Level 1.6 Summonings
 + Level 1.6 Necromancy
 + Level 1.6 Translocations
 + Level 1.6 Transmutations
 + Level 1.6 Fire Magic
 + Level 1.6 Ice Magic
 + Level 1.6 Air Magic
 + Level 1.6 Earth Magic
 + Level 1.6 Poison Magic
 + Level 2.3 Invocations
 + Level 2.1 Evocations
 + Level 1.9 Shapeshifting


You had 9 spell levels left.
You didn't know any spells.
Your spell library contained the following spells:

 Spells                   Type           Power      Damage    Failure   Level
 Wereblood                Tmut           3%         N/A       38%         2
 Irradiate                Conj/Tmut      1%         3d12      100%        5


Dungeon Overview and Level Annotations

Branches:
Dungeon (5/15)             Temple (1/1) D:4

Altars:
Ashenzari
Dithmenos
Fedhas
Hepliaklqana
Kikubaaqudgha
Makhleb
Nemelex Xobeh
Okawaru
Qazlal
Ru
Trog
Uskayaw
Vehumet
The Shining One


Innate Abilities, Weirdness & Mutations

You have very sharp teeth.
Your uncanny sense of smell can sniff out nearby items.
Your experience applies equally to all skills.


Message History

The orc misses you.
The orc wizard casts a spell.
The orc wizard flickers and vanishes!
Deactivating autopickup; reactivate with Ctrl-A.
You barely miss the orc. You bite the orc.
You kill the orc!
The orc misses you. You block the orc's attack. Something hits you.
You puncture the orc!
You kill the orc!
The orc hits you with a +0 club. Something hits you but does no damage.
You barely miss the ice beast. The ice beast closely misses you.
You hear some strange, mumbled words.
A puff of flame appears from out of thin air!
The puff of flame hits you. The orc hits you with a +0 club.
You hit the ice beast but do no damage. The ice beast hits you.
The ice beast freezes you! The orc hits you but does no damage.
Something hits you but does no damage.
You hit the ice beast.
The ice beast is lightly wounded.
The ice beast hits you. The ice beast freezes you! The orc closely misses you.
Something hits you but does no damage.
Unknown command.
The ice beast attacks as it pursues you!
The ice beast hits you. The ice beast freezes you!
* * * LOW HITPOINT WARNING * * *
The orc hits you but does no damage.
The ice beast attacks as it pursues you!
The ice beast hits you but does no damage.
You hear some strange, mumbled words.
You are confused.
The ice beast attacks as it pursues you!
The ice beast barely misses you. The ice beast hits you.
The ice beast freezes you!
* * * LOW HITPOINT WARNING * * *
The orc attacks as it pursues you! The orc closely misses you.
The ice beast closely misses you. Something hits you but does no damage.
The ice beast hits you.
* * * LOW HITPOINT WARNING * * *
The ice beast freezes you!
You die...

## .... .... #
########## #...# ##
##........####..#
.####..######......#
......## ##.....#
.....## ##o..##
....## #.Y@.# #...#
##o.#.#### ....#
##.......).. .....
##..#.≈≈§≈≈§≈ ..#...
#..##.≈....§§
####...
#..)###.≈.#####
......# ..≈...
.....# .§≈§#._ .....
#.≈.#...


You could see an ice beast and 2 orcs.

Vanquished Creatures
  A black bear (D:4)
  A scorpion (D:4)
  An orc priest (D:4)
  2 iguanas (D:4)
  An orc wizard (D:4)
  An adder (D:3)
  A shadow imp (D:5)
  4 dart slugs
  11 orcs
  7 ball pythons
  4 bats
  5 endoplasms
  5 giant cockroaches
  8 goblins
  6 hobgoblins
  3 jackals (D:2)
  3 quokkas
  5 frilled lizards (D:1)
  2 kobolds (D:1)
  3 rats
74 creatures vanquished.

Notes
Turn   | Place    | Note
-------+----------+-------------------------------------------
     0 | D:1      | Reached skill level 10 in Fighting
     0 | D:1      | randomguy2701 the Gnoll Wanderer began the quest for the
                  | Orb.
     0 | D:1      | randomguy2701 set off with the following items: a +1
                  | trident, a +0 buckler, a scroll of silence, a +0 leather
                  | armour.
     0 | D:1      | Reached XP level 1. HP: 29/29 MP: 1/1
    88 | D:1      | Reached XP level 2. HP: 33/36 MP: 2/2
   662 | D:2      | Reached XP level 3. HP: 42/42 MP: 3/3
   934 | D:2      | Reached skill level 1 in Invocations
  1137 | D:2      | Reached skill level 1 in Short Blades
  1137 | D:2      | Reached skill level 1 in Long Blades
  1137 | D:2      | Reached skill level 1 in Axes
  1137 | D:2      | Reached skill level 1 in Maces & Flails
  1137 | D:2      | Reached skill level 1 in Staves
  1137 | D:2      | Reached skill level 1 in Ranged Weapons
  1137 | D:2      | Reached skill level 1 in Throwing
  1137 | D:2      | Reached skill level 1 in Dodging
  1137 | D:2      | Reached skill level 1 in Unarmed Combat
  1137 | D:2      | Reached skill level 1 in Spellcasting
  1137 | D:2      | Reached skill level 1 in Evocations
  1196 | D:2      | Identified the +8 falchion of the Dancing Priest {heavy,
                  | Str+3 Int+6 Dex-4}
  1533 | D:3      | Reached XP level 4. HP: 43/48 MP: 5/5
  1607 | D:3      | Reached skill level 1 in Shapeshifting
  1863 | D:3      | Found a sparkling altar of Nemelex Xobeh.
  1871 | D:3      | Found an ancient bone altar of Kikubaaqudgha.
  1875 | D:3      | Found a radiant altar of Vehumet.
  1929 | D:3      | Found a faded altar of an unknown god.
  2005 | D:4      | Reached skill level 1 in Conjurations
  2005 | D:4      | Reached skill level 1 in Hexes
  2005 | D:4      | Reached skill level 1 in Summonings
  2005 | D:4      | Reached skill level 1 in Necromancy
  2005 | D:4      | Reached skill level 1 in Translocations
  2005 | D:4      | Reached skill level 1 in Transmutations
  2005 | D:4      | Reached skill level 1 in Fire Magic
  2005 | D:4      | Reached skill level 1 in Ice Magic
  2005 | D:4      | Reached skill level 1 in Air Magic
  2005 | D:4      | Reached skill level 1 in Earth Magic
  2005 | D:4      | Reached skill level 1 in Poison Magic
  2161 | D:4      | Reached XP level 5. HP: 32/54 MP: 5/7
  2311 | D:4      | Found a staircase to the Ecumenical Temple.
  3091 | D:4      | Reached XP level 6. HP: 21/61 MP: 8/8
  3256 | D:4      | Noticed a black bear
  3263 | D:4      | Killed a black bear
  3264 | D:4      | Reached skill level 5 in Polearms
  3392 | Temple   | Entered the Ecumenical Temple
  3401 | Temple   | Became a worshipper of Ashenzari the Shackled
  3419 | D:5      | Entered Level 5 of the Dungeon
  3454 | D:5      | Found a blossoming altar of Fedhas.
  3459 | D:5      | Noticed an ice beast
  3475 | D:5      | Slain by an ice beast

Illustrated notes

Levels and vault maps discovered:
D:1:      lightli_molten_gateway, layout_basic
D:2:      layout_basic, serial_curves, eino_curves_01, eino_curves_03,
          moated_statue, hangedman_decor_push, minmay_worlds_worst_comb
D:3:      layout_rooms, minitemple, hellmonk_ecumenical_altar_heavens_door,
          nicolae_underground_beach
D:4:      layout_gridville, minmay_temple_entry_drinking_statues,
          serial_bayou_pond_e
D:5:      layout_layer_cave, mainiacjoe_overflow_brackets, serial_shops,
          nicolae_book_shop_shelving
Temple:   nicolae_temple_ecumenical_triangle

Skill      XL: |  1  2  3  4  5  6 |
---------------+-------------------+-----
Fighting       | | 10.6
Invocations    | 1 2 |  2.3
Short Blades   | 1 2 |  2.1
Long Blades    | 1 2 |  2.1
Axes           | 1 2 |  2.1
Maces & Flails | 1 2 |  2.1
Staves         | 1 2 |  2.1
Ranged Weapons | 1 2 |  2.1
Throwing       | 1 2 |  2.1
Dodging        | 1 2 |  2.1
Unarmed Combat | 1 2 |  2.1
Spellcasting   | 1 2 |  2.1
Evocations     | 1 2 |  2.1
Shapeshifting  | 1 |  1.9
Conjurations   | 1 |  1.6
Hexes          | 1 |  1.6
Summonings     | 1 |  1.6
Necromancy     | 1 |  1.6
Translocations | 1 |  1.6
Transmutations | 1 |  1.6
Fire Magic     | 1 |  1.6
Ice Magic      | 1 |  1.6
Air Magic      | 1 |  1.6
Earth Magic    | 1 |  1.6
Poison Magic   | 1 |  1.6
Armour         | 3 |  3.3
Shields        | 3 |  3.3
Stealth        | 3 |  3.2
Polearms       | 5 |  5.0

Action                     |  1- 3 |  4- 6 || total
---------------------------+-------+-------++-------
  Melee: Trident           |    89 |   115 ||   204
         Bite              |     6 |     6 ||    12
   Stab: Sleeping          |     5 |     6 ||    11
         Distracted        |       |     1 ||     1
 Armour: Leather armour    |    31 |    76 ||   107
  Dodge: Dodged            |    19 |    54 ||    73
  Block: Buckler           |    11 |    18 ||    29

Table legend: (Time is in decaauts)
 A = Elapsed time spent in this place.
 B = Non-inter-level travel time spent in this place.
 C = Inter-level travel time spent in this place.
 D = Time resting spent in this place.
 E = Time spent auto-exploring this place.
 F = Levels seen in this place.
 G = Mean time per level.
                   A        B        C        D        E       F      G
               +--------+--------+--------+--------+--------+-----+--------+
         Total |   3497 |   3337 |    160 |      0 |   2859 |   6 |  582.8 |
       Dungeon |   3478 |   3336 |    142 |      0 |   2859 |   5 |  695.6 |
        Temple |     18 |      1 |     17 |      0 |      0 |   1 |   18.0 |
               +--------+--------+--------+--------+--------+-----+--------+

Top non-repeatable levels by time:
     D:4: 1417 daAuts
     D:2: 815 daAuts
     D:1: 663 daAuts
     D:3: 525 daAuts
     D:5: 57 daAuts
  Temple: 18 daAuts
